AoeStats
← kV0t3

Arabia

507820295Analyzed
3v3 RM · 11d ago on Sep 19, 2026· 51m 24s· 6 players
Game mode
Random Map
Map size
Normal (6 player)
Population
200
Speed
Normal
Resources
Standard
Victory
Conquest
Starting age
Dark Age
Ending age
Imperial Age
RankedLock teamsTeams togetherTeam positionsShared explorationLock speedFull tech treeHidden civsTurbo modeCheats
Victory
Defeat
🇦🇷 Franks · Argentina
1430
+15
🇦🇷 Ethiopians · Argentina
1419
+15
🇦🇷 Maya · Argentina
1387
+17
🇪🇸 Ethiopians · Spain
1484
-19
🇪🇸 Maya · Spain
1448
-17
🇪🇸 Franks · Spain
1286
-11
lusamatusa
4:38 Loom
9:50 Feudal Age
14:52 Double-Bit Axe
17:02 Fletching
17:13 Padded Archer Armor
25:03 Castle Age
25:18 Gold Mining
25:05 Crossbowman
25:56 Bodkin Arrow
27:28 Ballistics
33:01 Leather Archer Armor
34:07 Thumb Ring
40:58 Wheelbarrow
41:34 Bow Saw
blerasdg
0:27 Loom
9:53 Feudal Age
11:16 Double-Bit Axe
14:25 Horse Collar
16:44 Fletching
18:43 Padded Archer Armor
27:16 Castle Age
26:58 Gold Mining
27:57 Bodkin Arrow
28:07 Crossbowman
28:56 Elite Skirmisher
31:16 Ballistics
37:39 Bow Saw
39:04 Stone Mining
39:30 Thumb Ring
48:11 Imperial Age
47:17 Town Watch
48:07 Wheelbarrow
48:58 Bracer
48:57 Arbalester
nach21
6:37 Loom
6:44 Loom
9:57 Feudal Age
10:32 Double-Bit Axe
14:51 Scale Barding Armor
21:46 Wheelbarrow
25:47 Castle Age
24:19 Forging
27:01 Chain Barding Armor
27:17 Iron Casting
26:13 Pikeman
26:54 Squires
27:39 Husbandry
31:36 Fletching
32:28 Town Watch
43:28 Hand Cart
[@LLNET]ZADBACK
5:24 Loom
8:33 Feudal Age
9:16 Double-Bit Axe
16:43 Forging
20:56 Castle Age
19:37 Gold Mining
20:01 Scale Barding Armor
22:29 Chain Barding Armor
23:44 Bow Saw
23:45 Husbandry
26:40 Wheelbarrow
28:48 Hand Cart
29:30 Iron Casting
31:39 Light Cavalry
52:32 Gold Shaft Mining
51:48 Stone Mining
ZIZOU
7:51 Loom
10:15 Feudal Age
10:54 Double-Bit Axe
12:17 Fletching
18:41 Horse Collar
20:05 Gold Mining
25:01 Castle Age
24:34 Scale Mail Armor
25:08 Crossbowman
25:53 Thumb Ring
25:46 Bodkin Arrow
25:59 Heavy Plow
27:12 Chain Mail Armor
29:33 Forging
33:32 Bow Saw
34:01 Wheelbarrow
37:47 Ballistics
39:08 Padded Archer Armor
39:28 Masonry
40:17 Leather Archer Armor
45:27 Imperial Age
44:32 Gold Shaft Mining
46:26 Iron Casting
45:32 Arbalester
47:14 Chemistry
46:15 Bracer
46:45 Conscription
46:05 Light Cavalry
46:52 Scale Barding Armor
47:33 Hussar
49:39 Chain Barding Armor
49:50 Ring Archer Armor
kV0t3
0:25 Loom
8:48 Feudal Age
11:50 Double-Bit Axe
14:58 Fletching
16:31 Horse Collar
17:26 Padded Archer Armor
19:10 Wheelbarrow
23:17 Castle Age
21:56 Gold Mining
24:11 Bow Saw
24:03 Heavy Plow
24:02 Bodkin Arrow
23:53 Crossbowman
26:04 Ballistics
26:30 Leather Archer Armor
28:28 Elite Skirmisher
39:19 Imperial Age
39:38 Stone Mining
39:36 Arbalester
40:17 Bracer
43:33 Guard Tower
46:00 Hand Cart
49:47 Ring Archer Armor
50:06 Thumb Ring
50:54 Town Watch
51:11 Scale Mail Armor
51:48 Stone Shaft Mining
51:51 Forging
Connection lost

Rejoining the realm…

Still unreachable

The connection could not be restored.

Session expired

The server has moved on; the page needs a fresh start.